 Dungeon Crawl Stone Soup version 0.31-a0-145-g046c7d2549 (webtiles) character file.

Game seed: 13231645294934987437

23951 RepHenryClay the Basher (level 12, -13/92 HPs)
             Began as a Demonspawn Gladiator on June 5, 2023.
             Was the Champion of Okawaru.
             Mangled by Rupert
             ... wielding a +2 battleaxe of freezing
              (28 damage)
             ... on level 12 of the Dungeon.
             The game lasted 00:27:40 (13497 turns).

RepHenryClay the Basher (Demonspawn Gladiator)     Turns: 13497, Time: 00:27:41

Health: -13/92     AC: 14    Str: 24    XL:     12   Next: 76%
Magic:  27/27      EV: 16    Int: 12    God:    Okawaru [******]
Gold:   1208       SH:  0    Dex: 18    Spells: 11/11 levels left

rFire   . . .        a - +6 shillelagh "Devastator" {shatter}
rCold   . . .        (no shield)
rNeg    + . .        k - +0 swamp dragon scales
rPois   +            H - +0 hat of Demons {rN+ Dex+4}
rElec   .            m - +1 cloak
rCorr   .            y - +0 pair of gloves
SInv    +            D - +0 pair of boots
Will    .....        L
                       - Hermit's Pendant {Faith Invo=14 Evo=0 MP+5}
Stlth   +            t - +6 ring of strength
HPRegen 0.35/turn    x - ring of see invisible
MPRegen 0.20/turn

%: faith
@: about to teleport, studying Spellcasting
A: hooves 2, powered by pain 1, spiny 2, demonic touch 2
a: Renounce Religion, Heroism, Finesse, Duel


You were on level 12 of the Dungeon.
You worshipped Okawaru.
Okawaru was exalted by your worship.
You visited 2 branches of the dungeon, and saw 13 of its levels.
You also visited: Sewer and Bailey.

You collected 2228 gold pieces.
You spent 1020 gold pieces at shops.

Inventory:

Hand Weapons
 a - the +6 shillelagh "Devastator" (weapon) {shatter}
   (You found it on level 6 of the Dungeon)
 b - a +0 whip of venom
 j - a +0 lajatang of speed
 B - a +2 mace of protection
 F - a +5 executioner's axe
 O - a +1 antimagic lajatang
 T - a +2 morningstar of freezing
Missiles
 d - 2 throwing nets
 e - a javelin
 p - 3 curare-tipped darts (quivered)
 s - 17 poisoned darts
Armour
 k - +0 swamp dragon scales (worn)
 m - a +1 cloak (worn)
 u - a +2 robe of resistance
 y - a +0 pair of gloves (worn)
 D - a +0 pair of boots (worn)
 H - the +0 hat of Demons (worn) {rN+ Dex+4}
   (You acquired it on level 7 of the Dungeon)

   Dex:       It affects your dexterity (+4).
   rN:        It protects you from negative energy.
 I - the scarf "Daprih" {+Inv, rC+}
   (You found it in a bailey)

   rC:        It protects you from cold.
 K - +0 acid dragon scales
Magical Staves
 G - the staff of fire "Toh Apla" {rPois rF+ Dex+3}
   (You found it in a bailey)

   [staff of fire]

   Base accuracy: +5 Base damage: 5 Base attack delay: 1.2 This weapon's minimum
   attack delay (0.6) is reached at skill level 12.
   Dex:       It affects your dexterity (+3).
   rF:        It protects you from fire.
   rPois:     It protects you from poison.
   It falls into the 'Staves' category.
   It is a one-handed weapon.
Jewellery
 t - a +6 ring of strength (left hand)
 x - a ring of see invisible (right hand)
 L - the Hermit's Pendant (around neck) {Faith Invo=14 Evo=0 MP+5}
   (You found it on level 7 of the Dungeon)

   [amulet of faith]

   Invo=14: It sets your Invocations skill to 14.
   Evo=0: It sets your Evocations skill to 0.
   It allows you to gain divine favour quickly.
   MP:        It affects your magic capacity (+5).
 S - a ring of protection from cold
 X - an amulet of the acrobat
Wands
 c - a wand of mindburst (32)
 z - a wand of quicksilver (12)
 J - a wand of flame (16)
 U - a wand of iceblast (2)
 W - a wand of polymorph (5)
Scrolls
 f - 2 scrolls of teleportation
 o - 3 scrolls of magic mapping
 w - 4 scrolls of fear
 A - 4 scrolls of immolation
 M - 3 scrolls of blinking
 P - a scroll of vulnerability
 Y - a scroll of enchant armour
 Z - a scroll of brand weapon {unknown}
Potions
 g - 8 potions of curing
 h - 3 potions of might
 i - 4 potions of haste
 l - 4 potions of heal wounds
 n - 2 potions of brilliance
 q - 3 potions of invisibility
 r - 4 potions of attraction
 v - 5 potions of resistance
 C - a potion of ambrosia
 E - 2 potions of cancellation
 N - 2 potions of magic
 Q - 6 potions of enlightenment
 V - 3 potions of mutation


   Skills:
 + Level 8.0 Fighting
 - Level 13.7(14.0) Maces & Flails
 - Level 3.6(9.6) Staves
 - Level 1.7 Throwing
 + Level 8.3 Armour
 + Level 8.9 Dodging
 - Level 5.0(14.0) Invocations


You had 11 spell levels left.
You didn't know any spells.
Your spell library contained the following spells:

 Spells                   Type           Power      Damage    Failure   Level
 Freeze                   Ice            0%         1d3       43%         1
 Slow                     Hex            0%         N/A       43%         1
 Cigotuvi's Dreadful Rot  Necr/Pois/Air  0%         N/A       58%         2
 Ensorcelled Hibernation  Hex/Ice        0%         N/A       58%         2
 Passwall                 Tmut/Erth      0%         N/A       58%         2
 Confusing Touch          Hex            0%         N/A       82%         3
 Frozen Ramparts          Ice            0%         1d1       82%         3
 Hailstorm                Conj/Ice       0%         3d3       82%         3
 Spider Form              Tmut/Pois      0%         N/A       82%         3
 Swiftness                Air            0%         N/A       82%         3
 Vampiric Draining        Necr           0%         2d6       82%         3
 Anguish                  Hex/Necr       0%         N/A       99%         4
 Cause Fear               Hex            0%         N/A       99%         4
 Dispel Undead            Necr           0%         3d6       99%         4
 Leda's Liquefaction      Hex/Erth       0%         N/A       99%         4
 Passage of Golubria      Tloc           0%         N/A       99%         4
 Lee's Rapid Deconstruct  Erth           0%         3d4*      100%        5
 Silence                  Hex/Air        0%         N/A       100%        5
 Leda's Unmaking          Conj/Erth      0%         9d1       100%        6
 Statue Form              Tmut/Erth      0%         N/A       100%        6
 Enfeeble                 Hex            0%         N/A       100%        7
 Storm Form               Tmut/Air       0%         N/A       100%        7
 Lehudib's Crystal Spear  Conj/Erth      0%         10d2      100%        8
 Maxwell's Capacitive Co  Air            0%         ∞         100%        8
 Death Channel            Necr           Unusable   N/A       N/A         6

Dungeon Overview and Level Annotations

Branches:
Dungeon (12/15)            Temple (1/1) D:6            Lair (0/5) D:9
    Orc (0/2) D:11          Sewer (visited)          Bailey (visited)

Altars:
Ashenzari
Cheibriados
Dithmenos
Hepliaklqana
Makhleb
Nemelex Xobeh
Okawaru
Qazlal
Ru
Trog
Uskayaw
Vehumet
Wu Jian
Xom

Shops:
D:6 !   D:10 *?(=:   D:12 *

Portals:
Trove: D:11 (give +6 ice dragon scales)

Annotations:
D:12 Rupert


Innate Abilities, Weirdness & Mutations

You have hoof-like feet.
You sometimes gain a little power by taking damage.
You are mostly covered in sharp spines.
Your touch may inflict irresistible damage on your foes.


Message History

The fire elemental completely misses you.
You see here a vampire mosquito corpse.
Your surroundings suddenly seem different.
Found Hucang's Neck Hole.
Found a spear.
There is an entrance to Hucang's Neck Hole here.
You feel like a meek peon again. The fire elemental hits you.
The fire elemental burns you!
* * * LOW HITPOINT WARNING * * *
You focus on the pain.
You feel agile all of a sudden.
Huge Dmg: -16%(-14hp) hp: 25%(23hp)
You sock the fire elemental!
The fire elemental is almost destroyed.
You touch the fire elemental.
You destroy the fire elemental!
The fire elemental disappears in a puff of smoke!
You feel a little less mighty now.
You feel yourself speed up.
You feel a little less agile now.
There is a stone staircase leading up here.
HP restored.
Rupert the Wild comes into view.
He is wielding a +2 battleaxe of freezing.
Rupert shouts!
Rupert roars madly and goes into a rage!
Rupert goes berserk!
Unknown command.
As you read the scroll of teleportation, it crumbles to dust.
You feel strangely unstable.
Rupert hits you with a +2 battleaxe of freezing!!
Rupert freezes you!
Huge Dmg: -30%(-28hp) hp: 70%(64hp) Rupert attacks as you move away!
Rupert is struck by your spines.
Rupert hits you with a +2 battleaxe of freezing!!!
* * * LOW HITPOINT WARNING * * *
Rupert freezes you!
* * * LOW HITPOINT WARNING * * *
Rupert is struck by your spines.
Rupert hits you with a +2 battleaxe of freezing!!
You die...

...## #.# .#..# ###.#
.'..# ######...#
.##.# #........#
###.## #........#
#..# #........#
##.####........#
#..##.......[@#######
##.>..........@.....#
###.....)#########.#
#......#
#.###########
#......#
#.#.........#
#......#
#.##.######.#
#......# #....# #.#
#......# #....# #.#
######## #....# #.#
#....# #.#


You could see Rupert (berserk).

Vanquished Creatures
  Gastronok (D:12)
  An orc warlord (Bailey)
  A centaur warrior (D:11)
  A boulder beetle (D:12)
  A death knight (D:11)
  4 two-headed ogres
  2 tengu warriors (D:11)
  Pikel (D:7)
  A deep elf pyromancer (D:11)
  2 ugly things
  2 cyclopes (D:11)
  A cane toad (shapeshifter) (D:11)
  A gargoyle (D:11)
  A komodo dragon (D:11)
  Maggie (D:6)
  A kobold demonologist (D:12)
  2 efreet (D:11)
  A polar bear (D:11)
  6 trolls
  3 centaur simulacra (D:11)
  Sigmund (D:3)
  A vampire (D:12)
  A shadow (D:9)
  5 wraiths
  Eustachio (D:6)
  22 yaks
  A steam dragon (D:8)
  4 wyverns
  4 vampire mosquitoes (D:12)
  Menkaure (D:7)
  A water moccasin (D:6)
  3 acid dragons
  An ice beast (D:7)
  6 orc warriors
  3 sky beasts
  A black bear (D:6)
  5 ogres
  3 wolves (D:11)
  3 centaurs
  3 lemures (D:7)
  A phantom (D:6)
  A kobold brigand (D:7)
  3 bullfrogs
  3 scorpions
  A gnoll sergeant (D:6)
  8 wights
  6 howler monkeys
  3 electric eels
  3 orc priests
  4 hounds
  3 jellies
  A gnoll bouda (D:4)
  A sleepcap (D:6)
  12 orc wizards
  7 iguanas
  10 gnolls
  17 adders
  5 river rats
  6 white imps
  5 ufetubi
  6 worms
  25 orcs
  26 ball pythons
  7 bats
  8 endoplasms
  9 giant cockroaches
  12 goblins
  9 hobgoblins
  4 jackals (D:1)
  4 quokkas
  6 frilled lizards
  23 kobolds
  36 rats
379 creatures vanquished.

Notes
Turn   | Place    | Note
-------+----------+-------------------------------------------
     0 | D:1      | RepHenryClay the Demonspawn Gladiator began the quest for
                  | the Orb.
     0 | D:1      | Reached XP level 1. HP: 16/16 MP: 1/1
    89 | D:1      | Gained mutation: You sometimes gain a little power by
                  | taking damage. [demonic ancestry]
    89 | D:1      | Reached XP level 2. HP: 22/22 MP: 2/2
   171 | D:1      | Found a faded altar of an unknown god.
   871 | D:1      | Discovered your monstrous ancestry.
   871 | D:1      | Gained mutation: You have large cloven feet. [demonic
                  | ancestry]
   871 | D:1      | Reached XP level 3. HP: 27/27 MP: 3/3
   952 | D:1      | Reached skill level 1 in Maces & Flails
  1207 | D:2      | Reached skill level 2 in Maces & Flails
  1313 | D:2      | Reached XP level 4. HP: 33/33 MP: 4/4
  2076 | D:3      | Noticed Sigmund
  2084 | D:3      | Killed Sigmund
  2085 | D:3      | Reached skill level 4 in Maces & Flails
  2085 | D:3      | Reached XP level 5. HP: 34/38 MP: 5/5
  2169 | D:3      | Reached XP level 6. HP: 41/44 MP: 6/6
  2177 | D:3      | Reached skill level 5 in Maces & Flails
  2847 | D:4      | Reached skill level 6 in Maces & Flails
  2857 | D:4      | Gained mutation: Your touch may inflict minor irresistible
                  | damage on your foes. [demonic ancestry]
  2857 | D:4      | Reached XP level 7. HP: 44/50 MP: 7/7
  3334 | D:4      | Found a broken altar of Ashenzari.
  3522 | D:5      | Entered Level 5 of the Dungeon
  3613 | D:5      | Found a glowing drain.
  3631 | Sewer    | Entered a sewer
  3789 | Sewer    | Reached skill level 7 in Maces & Flails
  4251 | D:5      | Reached skill level 8 in Maces & Flails
  4251 | D:5      | Gained mutation: You are partially covered in sharp spines.
                  | [demonic ancestry]
  4251 | D:5      | Reached XP level 8. HP: 56/56 MP: 8/8
  4287 | D:5      | Found a shimmering altar of Xom.
  4667 | D:5      | Reached skill level 9 in Maces & Flails
  4957 | D:6      | Found a staircase to the Ecumenical Temple.
  4970 | Temple   | Entered the Ecumenical Temple
  4992 | Temple   | Became a worshipper of Warmaster Okawaru
  5020 | D:6      | Noticed Maggie
  5034 | D:6      | Killed Maggie
  5035 | D:6      | Reached skill level 10 in Maces & Flails
  5172 | D:6      | Noticed Eustachio
  5178 | D:6      | Killed Eustachio
  5212 | D:6      | Found a sparkling altar of Nemelex Xobeh.
  5223 | D:6      | Found the +6 shillelagh "Devastator" {shatter}
  5228 | D:6      | Reached * piety under Okawaru
  5229 | D:6      | Reached XP level 9. HP: 61/61 MP: 9/9
  5425 | D:6      | Reached skill level 11 in Maces & Flails
  5488 | D:6      | Found Rewnegijo's Distillery.
  6079 | D:6      | Reached ** piety under Okawaru
  6369 | D:7      | Reached skill level 1 in Invocations
  6411 | D:7      | Found a flagged portal.
  6429 | Bailey   | Entered a bailey
  6442 | Bailey   | Noticed an orc warlord
  6531 | Bailey   | Found a runed translucent gate.
  6533 | Bailey   | Found a runed translucent gate.
  6535 | Bailey   | Found a runed translucent gate.
  6561 | Bailey   | Reached skill level 5 in Invocations
  6918 | Bailey   | Killed an orc warlord
  6919 | Bailey   | Reached skill level 12 in Maces & Flails
  6919 | Bailey   | Gained mutation: You have hoof-like feet. [demonic
                  | ancestry]
  6919 | Bailey   | Reached XP level 10. HP: 60/67 MP: 10/13
  6964 | Bailey   | Identified the staff of fire "Toh Apla" {rPois rF+ Dex+3}
  6974 | Bailey   | Identified the scarf "Daprih" {+Inv, rC+}
  7003 | D:7      | Acquired the +0 hat of Demons {rN+ Dex+4}
  7031 | D:7      | Noticed Pikel
  7040 | D:7      | Killed Pikel
  7040 | D:7      | Reached *** piety under Okawaru
  7280 | D:7      | Found the Hermit's Pendant {Faith Invo=14 Evo=0 MP+5}
  7536 | D:7      | Noticed Menkaure
  7540 | D:7      | Killed Menkaure
  7669 | D:7      | Found a stormy altar of Qazlal.
  8157 | D:8      | Reached **** piety under Okawaru
  8327 | D:8      | Noticed a two-headed ogre
  8334 | D:8      | Killed a two-headed ogre
  8685 | D:9      | Reached skill level 13 in Maces & Flails
  8685 | D:9      | Reached skill level 5 in Dodging
  8893 | D:9      | Found a staircase to the Lair.
  8956 | D:9      | Reached ***** piety under Okawaru
  8979 | D:9      | Gained mutation: You are mostly covered in sharp spines.
                  | [demonic ancestry]
  8979 | D:9      | Reached XP level 11. HP: 40/70 MP: 21/21
  9266 | D:9      | Found a shadowy altar of Dithmenos.
  9326 | D:9      | Found an ornate altar of the Wu Jian Council.
  9738 | D:10     | Entered Level 10 of the Dungeon
  9799 | D:10     | Identified the +1 scale mail of the Wumpus {Rampage rC-
                  | Str+3 Dex+6} (Okawaru gifted it to you on level 10 of the
                  | Dungeon)
  9799 | D:10     | Received a gift from Okawaru
  9872 | D:10     | Found Voriah's Magic Scroll Shoppe.
  9872 | D:10     | Found Fuusef's Assorted Antiques.
  9883 | D:10     | Found Noch's Book Boutique.
  9883 | D:10     | Found Mexuc's Jewellery Shop.
 10405 | D:10     | Bought a scroll of identify for 26 gold pieces
 10405 | D:10     | Bought a scroll of identify for 26 gold pieces
 10415 | D:10     | Found Cuuzoppu's Weapon Boutique.
 10721 | D:10     | Bought a scroll of enchant armour for 97 gold pieces
 10721 | D:10     | Bought a scroll of acquirement for 676 gold pieces
 10721 | D:10     | Bought 2 scrolls of magic mapping for 195 gold pieces
 10721 | D:10     | Acquired 875 gold pieces
 10737 | D:11     | Found a portal to a secret trove of treasure.
 10748 | D:11     | Reached skill level 5 in Armour
 10797 | D:11     | Noticed a red ugly thing
 10803 | D:11     | Killed a red ugly thing
 11346 | D:11     | Found a staircase to the Orcish Mines.
 11594 | D:11     | Noticed a tengu warrior
 11603 | D:11     | Killed a tengu warrior
 11604 | D:11     | Reached skill level 5 in Fighting
 11913 | D:11     | Noticed a centaur warrior
 11913 | D:11     | Noticed a two-headed ogre
 11914 | D:11     | Noticed a death knight
 11918 | D:11     | Killed a two-headed ogre
 11921 | D:11     | Gained mutation: Your touch may inflict irresistible damage
                  | on your foes. [demonic ancestry]
 11921 | D:11     | Reached XP level 12. HP: 50/86 MP: 22/22
 12093 | D:11     | Noticed a two-headed ogre
 12099 | D:11     | Killed a two-headed ogre
 12099 | D:11     | Reached ****** piety under Okawaru
 12107 | D:11     | Killed a death knight
 12107 | D:11     | Received a gift from Okawaru
 12112 | D:11     | Noticed a tengu warrior
 12139 | D:11     | Killed a tengu warrior
 12343 | D:11     | Identified the +3 great sword "Sapnex" {heavy, rElec Int+2}
 12378 | D:11     | Killed a centaur warrior
 12559 | D:11     | Found a radiant altar of Vehumet.
 12908 | D:12     | Noticed a two-headed ogre
 12914 | D:12     | Killed a two-headed ogre
 13087 | D:12     | Noticed a boulder beetle
 13109 | D:12     | Killed a boulder beetle
 13191 | D:12     | Received a gift from Okawaru
 13229 | D:12     | Noticed Gastronok
 13248 | D:12     | Killed Gastronok
 13256 | D:12     | Found Hucang's Neck Hole.
 13494 | D:12     | Noticed Rupert
 13497 | D:12     | Mangled by Rupert

Illustrated notes

Levels and vault maps discovered:
D:1:      dpeg_arrival_water_temple_mockup, layout_basic,
          ebering_ecumenical_altar_petrified, dk_noncrumbling_2,
          minmay_split_cup_small
D:2:      layout_rooms
D:3:      layout_loops_cross, nicolae_concentric_dashed_squares_wild,
          uniq_sigmund
D:4:      minmay_polygon_palace, layout_basic, lemuel_coloured_pillars_altar
D:5:      minmay_clustersquares, layout_basic, xom_butterflies,
          portal_sewer_entry_a
D:6:      layout_cave_pods, mainiacjoe_overflow_chevrons,
          minmay_temple_entry_purple_smoke, serial_shops,
          nicolae_shop_industrial_runoff, kennysheep_flooded_box,
          corner_web_ring, dilly_guarded_unrand_devastator, uniq_maggie,
          uniq_eustachio
D:7:      layout_loops_cross, lemuel_crystal_altar, enter_bailey_4,
          minmay_misc_feat_five, uniq_menkaure, uniq_pikel
D:8:      layout_loops_ring, zin_scriptorium
D:9:      hellmonk_crumbling_castle, layout_irregular_city,
          mainiacjoe_overflow_surrounded_room, grunt_dithmenos_shadows,
          grunt_decor_junction, minmay_parallelograms, evilmike_butchery
D:10:     layout_big_octagon, serial_park, serial_park_central
          [serial_park_minivault_5x5_8, serial_park_minivault_5x5_7],
          serial_park_tiny_pond, nicolae_shop_national_dungeon_mall
D:11:     minmay_the_grid_net [minmay_the_grid_minigrid_large,
          minmay_the_grid_tiny_cups, minmay_the_grid_zigzag_pyramid,
          minmay_the_grid_stretched_grid, minmay_the_grid_paths,
          minmay_the_grid_prize_four_corners_diamond_a], layout_small_grid,
          orc_0_dummy, serial_ice, serial_ice_h, serial_ice_k, serial_ice_d,
          serial_ice_f, nicolae_trove_entry_free_sample,
          nicolae_vehumet_altar_sigil
D:12:     layout_basic, nicolae_shop_sticking_my_neck_out, uniq_rupert,
          uniq_gastronok
Temple:   eino_wide_crystal_templ

Skill      XL: |  1  2  3  4  5  6  7  8  9 10 11 12 |
---------------+-------------------------------------+-----
Staves         | 3 |  3.6
Maces & Flails | 2 4 6 8 10 12 13 | 13.7
Invocations    | 5 |  5.0
Armour         | 2 4 6 8 |  8.3
Dodging        | 3 5 7 8 |  8.9
Fighting       | 5 8 |  8.0
Throwing       | |  1.7

Action                     |  1- 3 |  4- 6 |  7- 9 | 10-12 || total
---------------------------+-------+-------+-------+-------++-------
  Melee: Quarterstaff      |    63 |       |       |       ||    63
         Mace              |    76 |   144 |   360 |       ||   580
         Kick              |    14 |    29 |    92 |       ||   135
         Punch             |       |     2 |     4 |     6 ||    12
         Touch             |       |       |    61 |    56 ||   117
         Shillelagh        |       |       |     2 |   299 ||   301
         Whip              |       |       |       |     8 ||     8
  Throw: Throwing net      |       |     1 |     2 |       ||     3
         Dart              |       |       |       |    10 ||    10
 Invoke: Heroism           |       |       |     1 |     4 ||     5
  Evoke: Wand              |       |       |       |     3 ||     3
    Use: Scroll            |       |       |    11 |    18 ||    29
         Potion            |       |       |     4 |     2 ||     6
   Stab: Held in net/web   |       |     1 |     1 |       ||     2
         Sleeping          |       |     1 |       |       ||     1
         Distracted        |       |       |     1 |       ||     1
         Invisible         |       |       |     3 |       ||     3
 Armour: Leather armour    |     6 |       |       |       ||     6
         Ring mail         |    70 |    13 |       |       ||    83
         Robe              |       |    71 |    99 |       ||   170
         Swamp dragon scal |       |       |    82 |    85 ||   167
  Dodge: Dodged            |    98 |    86 |   232 |   190 ||   606

Table legend: (Time is in decaauts)
 A = Elapsed time spent in this place.
 B = Non-inter-level travel time spent in this place.
 C = Inter-level travel time spent in this place.
 D = Time resting spent in this place.
 E = Time spent auto-exploring this place.
 F = Levels seen in this place.
 G = Mean time per level.
                   A        B        C        D        E       F      G
               +--------+--------+--------+--------+--------+-----+--------+
         Total |  13497 |  12645 |    852 |   1388 |   8882 |  15 |  899.8 |
       Dungeon |  12391 |  11550 |    841 |   1183 |   8414 |  12 | 1032.6 |
        Temple |     34 |     23 |     11 |      0 |      9 |   1 |   34.0 |
         Sewer |    516 |    516 |      0 |      0 |    256 |   1 |  516.0 |
        Bailey |    555 |    555 |      0 |    205 |    202 |   1 |  555.0 |
               +--------+--------+--------+--------+--------+-----+--------+

Top non-repeatable levels by time:
    D:10: 1625 daAuts
    D:11: 1410 daAuts
     D:6: 1364 daAuts
     D:4: 1148 daAuts
     D:9: 1057 daAuts
     D:1: 1007 daAuts
     D:5: 944 daAuts
     D:7: 938 daAuts
     D:3: 800 daAuts
     D:8: 781 daAuts
    D:12: 680 daAuts
     D:2: 632 daAuts
  Bailey: 555 daAuts
   Sewer: 516 daAuts
  Temple: 34 daAuts
